 Dungeon Crawl Stone Soup version 0.28.0-1-gb440e238dd (webtiles) character file.

Game seed: 14983767740143872475

105 graymark the Ducker (level 4, 0/34 (35) HPs)
             Began as a Demonspawn Gladiator on Feb 22, 2022.
             Was a Believer of Lugonu.
             Slain by a black bear (5 damage)
             ... on level 4 of the Dungeon.
             The game lasted 00:05:51 (3012 turns).

graymark the Ducker (Demonspawn Gladiator)          Turns: 3012, Time: 00:05:52

HP:   0/34 (35)     AC:  4    Str: 17    XL:     4   Next: 53%
MP:   4/4           EV: 12    Int:  9    God:    Lugonu [**....]
Gold: 70            SH:  0    Dex: 14    Spells: 3/3 levels left

rFire   + . .      SeeInvis .   a - +0 war axe
rCold   . . .      Faith    .   (no shield)
rNeg    . . .      Spirit   .   b - +0 leather armour
rPois   .          Reflect  .   (helmet restricted)
rElec   .          Harm     .   (no cloak)
rCorr   .          Rampage  .   e - +0 pair of gloves
Will    .....                   (no boots)
Stlth   +.........              (no amulet)
HPRegen 0.11/turn               f - ring of protection from fire
MPRegen 0.09/turn               (no ring)

@: lightly drained
A: antennae 1
a: Renounce Religion, Depart the Abyss, Bend Space


You were on level 4 of the Dungeon.
You worshipped Lugonu.
Lugonu was pleased with you.
You visited 1 branch of the dungeon, and saw 4 of its levels.

You collected 70 gold pieces.

Inventory:

Hand Weapons
 a - a +0 war axe (weapon)
Missiles
 d - 5 throwing nets
 g - 2 boomerangs (quivered)
Armour
 b - a +0 leather armour (worn)
 c - a +0 helmet
 e - a +0 pair of gloves (worn)
Jewellery
 f - a ring of protection from fire (left hand)
Scrolls
 h - a scroll of identify {unknown}
 i - a scroll of vulnerability {unknown}
 j - a scroll of teleportation {unknown}


   Skills:
 + Level 3.2 Fighting
 + Level 3.5 Axes
 - Level 1.7 Throwing
 + Level 3.5 Dodging


You had 3 spell levels left.
You didn't know any spells.
Your spell library was empty.

Dungeon Overview and Level Annotations

Branches:
Dungeon (4/15)
 Temple: D:4-7

Altars:
Lugonu


Innate Abilities, Weirdness & Mutations

You have a pair of small antennae on your head.


Message History

You slash the phantom!
The phantom is heavily damaged.
The phantom hits you but does no damage.
You barely miss the phantom.
The phantom is heavily damaged.
The phantom closely misses you.
You closely miss the phantom.
The phantom is heavily damaged.
The phantom closely misses you. The phantom barely misses you.
You closely miss the phantom.
The phantom is heavily damaged.
The phantom closely misses you.
You slash the phantom!
The phantom is severely damaged.
The phantom hits you.
* * * LOW HITPOINT WARNING * * *
The phantom blinks!
You blink.
Space bends around you!
You blink.
There is an open door here.
As you close the door, it creaks loudly!
A phantom opens the door.
You open the door.
There is an open door here.
You close the door.
A phantom breaks down the door.
A black bear comes into view.
The black bear growls angrily.
You open the door.
There is an open door here.
You open the door.
Found a scroll labelled MASYOSTRAXEO.
There is an open door here.
The scorpion stings you.
* * * LOW HITPOINT WARNING * * *
You see here a scroll labelled MASYOSTRAXEO.
The scorpion closely misses you.
You open the door.
A dart slug comes into view.
The black bear bites you.
You die...

#w... ... ... ...
#.# #.#
##'#######
#.@......#
#.sh.....#
#.W......#
#........# .
#.l......# .#.
#........######..
.
#..............#
#
##'##..........#
# #.##..........#
#


You could see a phantom, a black bear, a scorpion, an iguana and a dart slug
(asleep).

Vanquished Creatures
  An orc wizard (D:3)
  2 adders
  3 orcs
  6 ball pythons
  2 bats (D:1)
  3 endoplasms
  4 giant cockroaches
  8 goblins
  5 hobgoblins
  5 jackals (D:1)
  6 kobolds
  4 quokkas
  3 frilled lizards
  A rat (D:1)
53 creatures vanquished.

Notes
Turn   | Place    | Note
-------+----------+-------------------------------------------
     0 | D:1      | graymark the Demonspawn Gladiator began the quest for the
                  | Orb.
     0 | D:1      | Reached XP level 1. HP: 16/16 MP: 1/1
   230 | D:1      | Discovered your monstrous ancestry.
   230 | D:1      | Gained mutation: You have a pair of small antennae on your
                  | head. [demonic ancestry]
   230 | D:1      | Reached XP level 2. HP: 22/22 MP: 2/2
   740 | D:1      | Reached XP level 3. HP: 20/28 MP: 3/3
  1297 | D:2      | Found a faded altar of an unknown god.
  1300 | D:2      | Prayed at the altar of an unknown god.
  1300 | D:2      | Became a worshipper of Lugonu the Unformed
  1300 | D:2      | Reached * piety under Lugonu
  1300 | D:2      | Reached ** piety under Lugonu
  2261 | D:3      | Reached XP level 4. HP: 28/31 MP: 4/4
  2536 | D:4      | Noticed a scorpion
  2929 | D:4      | Noticed a phantom
  2995 | D:4      | Noticed a black bear
  3012 | D:4      | Slain by a black bear

Illustrated notes

Levels and vault maps discovered:
D:1:      dpeg_arrival_pits, layout_loops_cross
D:2:      layout_basic, nicolae_ecumenical_pavilion
D:3:      layout_basic
D:4:      layout_basic, minmay_temple_entry_waves, gammafunk_ghost_smash,
          minmay_manual_mail

Skill      XL: |  1  2  3  4 |
---------------+-------------+-----
Axes           | 3 |  3.5
Dodging        | 3 |  3.5
Fighting       | 3 |  3.2
Throwing       | |  1.7

Action                   |  1- 3 |  4- 6 || total
-------------------------+-------+-------++-------
Melee: War axe           |   110 |    53 ||   163
Throw: Boomerang         |       |     1 ||     1
Invok: Bend Space        |       |     1 ||     1
  Use: Potion            |       |     2 ||     2
 Stab: Sleeping          |       |     1 ||     1
Armor: Leather armour    |    46 |    19 ||    65
Dodge: Dodged            |    79 |    36 ||   115
